 Dungeon Crawl Stone Soup version 0.22-a0-612-gd2f0174 (webtiles) character file.

8015 sking99 the Martial Artist (level 11, -2/93 HPs)
             Began as a Grey Draconian Transmuter on July 11, 2018.
             Was an Elder of Cheibriados.
             Slain by a two-headed ogre
             ... wielding a +0 giant club
              (13 damage)
             ... on level 11 of the Dungeon.
             The game lasted 00:27:55 (12634 turns).

sking99 the Martial Artist (DrTm)                  Turns: 12634, Time: 00:27:56

Health: -2/93      AC: 16    Str: 22    XL:     11   Next: 4%
Magic:  0/15       EV: 18    Int: 23    God:    Cheibriados [****..]
Gold:   902        SH:  6    Dex: 26    Spells: 3/14 levels left

rFire    . . .     SeeInvis .     - Unarmed
rCold    . . .     Gourm    .   q - +0 buckler {reflect}
rNeg     . . .     Faith    .   (armour unavailable)
rPois    .         Spirit   +   (helmet restricted)
rElec    .         Reflect  +   (no cloak)
rCorr    +         Harm     .   B - +2 pair of gloves
MR       .....                  g - +0 pair of boots
Stlth    ++........             t - amulet of guardian spirit
HPRegen  0.25/turn              e - ring of flight
MPRegen  0.14/turn              n - ring of resist corrosion

@: drained, very slow
A: walk through water, unfitting armour, unbreathing, cold-blooded, AC +12
a: Bend Time, Temporal Distortion, Slouch, Renounce Religion, Evoke Flight


You were on level 11 of the Dungeon.
You worshipped Cheibriados.
Cheibriados was greatly pleased with you.
You were hungry.

You visited 1 branch of the dungeon, and saw 11 of its levels.
You also visited: Ossuary.

You collected 942 gold pieces.
You spent 40 gold pieces at shops.

Inventory:

Missiles
 a - 335 arrows
Armour
 g - a +0 pair of boots (worn)
 q - a +0 buckler of reflection (worn)
 B - a +2 pair of gloves (worn)
Jewellery
 e - a ring of flight (left hand)
 n - a ring of resist corrosion (right hand)
 t - an amulet of guardian spirit (around neck)
Wands
 y - a wand of paralysis (18)
 A - a wand of disintegration (11)
 C - a wand of digging (4)
 D - a wand of acid (11)
Scrolls
 b - 5 scrolls of enchant armour
 d - 6 scrolls of remove curse
 i - 3 scrolls of teleportation
 j - 2 scrolls of amnesia
 l - a scroll of immolation
 p - a scroll of blinking
 r - 2 scrolls of fog
 s - 4 scrolls of fear
 x - 3 scrolls of identify
 F - 2 scrolls of enchant weapon
 G - 2 scrolls of summoning
Potions
 f - 3 potions of might {unknown}
 h - 4 potions of mutation
 k - 3 potions of heal wounds
 m - 3 potions of brilliance
 o - 2 potions of flight
 u - a potion of lignification {unknown}
 v - 4 potions of curing {unknown}
 w - 3 potions of agility
 z - a potion of ambrosia {unknown}
Comestibles
 c - 20 rations


   Skills:
 + Level 7.6(6.9) Fighting
 + Level 7.6(6.9) Dodging
 + Level 3.1(2.5) Shields
 * Level 10.3(9.6) Unarmed Combat
 - Level 2.0(1.4) Spellcasting
 - Level 3.0(2.4) Hexes
 - Level 5.0(4.3) Transmutations
 + Level 6.3(5.7) Invocations


You had 3 spell levels left.
You knew the following spells:

 Your Spells              Type           Power        Failure   Level  Hunger
a - Beastly Appendage     Tmut           ###...       2%          1    #......
b - Sticks to Snakes      Tmut           ###.....     4%          2    ###....
c - Apportation           Tloc           #.....       16%         1    #......
d - Confusing Touch       Hex            ##....       6%          1    #......
e - Blade Hands           Tmut           ###.......   58%         5    ######.
f - Summon Butterflies    Summ           #.......     16%         1    #......

Your spell library contained the following spells:

 Spells                   Type           Power        Failure   Level  Hunger
 Summon Small Mammal      Summ           #...         16%         1    #......
 Animate Skeleton         Necr           N/A          16%         1    #......
 Spider Form              Tmut/Pois      ##........   21%         3    ###....
 Ice Form                 Ice/Tmut       ##......     54%         4    #####..


Dungeon Overview and Level Annotations

Branches:
Dungeon (11/15)            Temple (0/1) D:7            Lair (0/6) D:8
    Orc: D:9-12

Altars:
Cheibriados
Dithmenos
Elyvilon
Gozag
Kikubaaqudgha
Makhleb
Ru
Sif Muna
Trog
Vehumet
Xom
Yredelemnul
The Shining One

Shops:
D:4 *(}(   D:7 :


Innate Abilities, Weirdness & Mutations

You can walk through water.
Your dull iron-grey scales are very hard. (AC +12)
You cannot fit into any form of body armour.
You can survive without breathing.
You are cold-blooded and may be slowed by cold attacks.


Message History

You tail-slap the two-headed ogre, but do no damage.
The two-headed ogre is severely wounded.
You hit the two-headed ogre but do no damage.
You tail-slap the two-headed ogre, but do no damage.
The two-headed ogre is severely wounded.
The two-headed ogre closely misses you.
The two-headed ogre hits you with a giant spiked club!
You barely miss the two-headed ogre.
The two-headed ogre is heavily wounded.
You hit the two-headed ogre. You tail-slap the two-headed ogre.
The two-headed ogre is severely wounded.
The two-headed ogre hits you with a giant club!
* * * LOW HITPOINT WARNING * * *
The two-headed ogre closely misses you.
You closely miss the two-headed ogre.
The two-headed ogre is severely wounded.
The two-headed ogre hits you with a giant club!!
* * * LOW HITPOINT WARNING * * *
The two-headed ogre hits you with a giant spiked club!
You die...

.. .....# ...#
...#....##...###......
...#.....#..............
........................
........................
........................
........................
......O@.[..............
................##...#..
............#...#.......
...........##.......#...
.....#.....#####....#...
.....###...# #....##..
.... ##### #########
....


You could see a two-headed ogre.

Vanquished Creatures
  A two-headed ogre (D:10)
  A wizard (D:10)
  A troll (D:11)
  4 hippogriffs
  2 basilisks (D:8)
  5 yaks
  A water moccasin (D:10)
  3 orc warriors (D:8)
  3 sky beasts
  2 phantoms (D:7)
  A crocodile (D:8)
  5 centaurs
  3 big kobolds
  An elf zombie (D:9)
  6 bullfrogs
  9 killer bees
  10 wights
  2 howler monkeys
  2 crimson imps
  4 orc priests
  2 bullfrog skeletons
  5 hounds
  5 human zombies (D:9)
  6 jellies
  12 orc wizards
  4 centaur skeletons
  2 human skeletons (D:9)
  2 iguanas
  8 worker ants
  An ogre zombie (D:9)
  A hound zombie (D:10)
  2 hound skeletons
  8 mummies (Ossuary)
  6 gnolls (D:7)
  A howler monkey skeleton (D:9)
  13 adders
  2 shadow imps
  6 oozes
  An adder skeleton (D:4)
  2 adder zombies
  6 worms
  A dart slug (D:1)
  7 leopard geckos
  27 orcs
  3 ball pythons
  10 giant cockroaches
  4 goblins
  5 hobgoblins
  6 jackals
  4 quokkas
  3 bats
  8 frilled lizards
  2 gnoll zombies (Ossuary)
  2 hobgoblin zombies (Ossuary)
  A jackal skeleton (D:6)
  21 kobolds
  2 kobold zombies (Ossuary)
  A leopard gecko skeleton (D:4)
  3 orc zombies
  A quokka skeleton (D:4)
  9 rats
  A spectral orc (D:6)
282 creatures vanquished.

Vanquished Creatures (others)
  An orc wizard (D:10)
1 creature vanquished.

Grand Total: 283 creatures vanquished

Notes
Turn   | Place    | Note
-------+----------+-------------------------------------------
     0 | D:1      | sking99 the Draconian Transmuter began the quest for the Orb.
     0 | D:1      | Reached XP level 1. HP: 16/16 MP: 3/3
   290 | D:1      | Reached XP level 2. HP: 3/23 MP: 5/5
  1459 | D:2      | Reached XP level 3. HP: 17/29 MP: 6/6
  1478 | D:2      | HP: 1/29 [poisoned by an adder]
  1931 | D:2      | Learned a level 2 spell: Sticks to Snakes
  2194 | D:2      | Found a snail-covered altar of Cheibriados.
  2213 | D:2      | Became a worshipper of Cheibriados the Contemplative
  2307 | D:2      | Reached XP level 4. HP: 35/36 MP: 7/7
  2454 | D:2      | Reached skill level 4 in Unarmed Combat
  2960 | D:3      | Reached * piety under Cheibriados
  2965 | D:3      | HP: 1/37 [orc/hand axe (4)]
  3154 | D:3      | Reached XP level 5. HP: 25/42 MP: 8/8
  3682 | D:4      | Found Jelucif's Antique Weapon Shop.
  3718 | D:4      | Found Huololy's Gadget Shoppe.
  3782 | D:4      | Found an opulent altar of Gozag.
  3820 | D:4      | Reached XP level 6. HP: 37/51 MP: 9/9
  3985 | D:4      | Found a shimmering altar of Xom.
  3998 | D:4      | Reached skill level 5 in Unarmed Combat
  4059 | D:4      | Found Goas's Assorted Antiques.
  4102 | D:4      | Found a white marble altar of Elyvilon.
  4278 | D:4      | Found Cocsarhe's Weapon Emporium.
  4539 | D:4      | Reached ** piety under Cheibriados
  5060 | D:4      | Bought a scroll labeled HUSALU MOLY for 20 gold pieces
  5060 | D:4      | Bought a scroll labeled BYD INAHITHAS for 20 gold pieces
  5141 | D:4      | Your scales start taking on a dull iron-grey colour.
  5141 | D:4      | Reached XP level 7. HP: 46/57 MP: 10/10
  5141 | D:4      | Gained mutation: You can survive without breathing. [Grey Draconian growth]
  5478 | D:5      | Entered Level 5 of the Dungeon
  5566 | D:5      | Found a bloodstained altar of Trog.
  5620 | D:5      | Learned a level 1 spell: Apportation
  5622 | D:5      | Learned a level 1 spell: Confusing Touch
  5628 | D:5      | Learned a level 5 spell: Blade Hands
  5711 | D:5      | Found a sand-covered staircase.
  5740 | Ossuary  | Entered an ossuary
  5796 | Ossuary  | Reached *** piety under Cheibriados
  5821 | Ossuary  | Reached skill level 6 in Unarmed Combat
  6043 | D:5      | Reached skill level 1 in Hexes
  6553 | D:6      | Found a burning altar of Makhleb.
  6872 | D:6      | Reached XP level 8. HP: 47/66 MP: 9/11
  7118 | D:6      | Found a radiant altar of Vehumet.
  7131 | D:6      | Reached skill level 5 in Transmutations
  7150 | D:6      | Found an ancient bone altar of Kikubaaqudgha.
  7225 | D:6      | Found a deep blue altar of Sif Muna.
  7248 | D:6      | Identified Sif Muna's Incunabulum of Illusion
  7252 | D:6      | Learned a level 1 spell: Summon Butterflies
  7405 | D:6      | Found a basalt altar of Yredelemnul.
  7545 | D:7      | Reached skill level 5 in Dodging
  7568 | D:7      | Found a staircase to the Ecumenical Temple.
  7615 | D:7      | Reached **** piety under Cheibriados
  7622 | D:7      | Noticed a hippogriff
  7639 | D:7      | Killed a hippogriff
  7639 | D:7      | Reached skill level 1 in Invocations
  7865 | D:7      | Found Tipnaoje's Book Emporium.
  8196 | D:7      | Reached skill level 7 in Unarmed Combat
  8196 | D:7      | Reached XP level 9. HP: 45/73 MP: 8/12
  8362 | D:7      | Reached skill level 5 in Fighting
  8933 | D:8      | Found a staircase to the Lair.
  8945 | D:8      | Reached skill level 8 in Unarmed Combat
  9434 | D:8      | Reached XP level 10. HP: 84/84 MP: 13/13
  9804 | D:8      | Found a glowing golden altar of the Shining One.
  9848 | D:8      | Reached skill level 9 in Unarmed Combat
  9966 | D:8      | Found a sacrificial altar of Ru.
 10082 | D:9      | Reached skill level 5 in Invocations
 10157 | D:9      | Found a shadowy altar of Dithmenos.
 10194 | D:9      | Identified a scroll of acquirement
 10230 | D:9      | Found an ancient bone altar of Kikubaaqudgha.
 10419 | D:9      | Reached skill level 1 in Shields
 10750 | D:9      | Reached ***** piety under Cheibriados
 10944 | D:9      | You fall through a shaft!
 10944 | D:10     | Entered Level 10 of the Dungeon
 10951 | D:10     | Noticed a wizard
 10966 | D:10     | Killed a wizard
 11102 | D:10     | Noticed a two-headed ogre
 11124 | D:10     | Killed a two-headed ogre
 11124 | D:10     | Reached skill level 10 in Unarmed Combat
 12601 | D:11     | Reached XP level 11. HP: 92/92 MP: 15/15
 12609 | D:11     | Noticed a two-headed ogre
 12634 | D:11     | Slain by a two-headed ogre

Vault maps used:
D:1:      dpeg_arrival_arbitrary_c, kennysheep_decorative_pillar,
          minmay_misc_feat_roman
D:2:      lemuel_crystal_altar
D:4:      cheibrodos_thug_alley, old_standard_altar, old_standard_altar,
          elyvilon_altar_1, serial_shops, shop_coins, shop,
          nicolae_shop_temple_entry_statues_fountains,
          nicolae_shop_competitors_out_of_business, first_ration,
          kennysheep_donut, st_stairs_14
D:5:      nicolae_overflow_crystal_walls, nicolae_ossuary_entry_ruins
D:6:      palyth_temple_overflow_mages, yredelemnul_forgotten_temple_becter,
          basic_altar, kb_lookout_dungeons_type
D:7:      temple_doors_cd, serial_shops, shop
D:8:      tso_altar, nicolae_ru_the_path_less_chosen, david_lair_generic,
          special_room, hangedman_little_slice_of_home
D:9:      cheibrodos_iron_armory, grunt_dithmenos_smoke_and_mirrors,
          lemuel_mausoleum_altar_kikubaaqudgha
D:11:     nicolae_trove_entry_columns
Ossuary:  ossuary_tomb_3

Skill      XL: |  1  2  3  4  5  6  7  8  9 10 |
---------------+-------------------------------+-----
Dodging        | 2 3 4 5 6 7 |  7.6
Fighting       | 2 3 4 6 7 |  7.6
Unarmed Combat | 4 5 6 7 8 10 | 10.3
Transmutations | 3 4 5 |  5.0
Hexes          | 2 3 |  3.0
Invocations    | 2 4 6 |  6.3
Shields        | 3 |  3.1
Spellcasting   | |  2.0

Action                   |  1- 3 |  4- 6 |  7- 9 | 10-12 || total
-------------------------+-------+-------+-------+-------++-------
Melee: Unarmed           |   137 |   309 |   450 |   334 ||  1230
       Tailslap          |    18 |    45 |   116 |    86 ||   265
       Headbutt          |     2 |    10 |     5 |    10 ||    27
       Punch             |     1 |     6 |    20 |     3 ||    30
 Cast: Beastly Appendage |     1 |     3 |     1 |     1 ||     6
       Sticks to Snakes  |     3 |       |       |     2 ||     5
       Confusing Touch   |       |       |     1 |     1 ||     2
Invok: Bend Time         |       |       |     1 |       ||     1
       Slouch            |       |       |     3 |     1 ||     4
       Temporal Distorti |       |       |       |     1 ||     1
  Use: Potion            |     2 |     2 |     1 |       ||     5
       Scroll            |       |    12 |     3 |     2 ||    17
 Stab: Sleeping          |       |     2 |     7 |     7 ||    16
  Eat: Chunk             |     5 |     5 |     8 |     6 ||    24
Armor: Skin              |    23 |    92 |   137 |    82 ||   334
Dodge: Dodged            |    69 |   182 |   342 |   203 ||   796
Block: Buckler           |       |       |       |    54 ||    54
       Reflection        |       |       |       |     1 ||     1

Table legend:
 A = Spawn XP
 B = Non-spawn XP
 C = Spawn XP percentage of total XP
 D = Spawn monster count
 E = Non-spawn monster count
 F = Spawn count percentage of total count
 G = Total turns spent on level
                    A         B        C        D         E        F      G
               +---------+---------+-------+---------+---------+-------+---------
         Total |       0 |   11451 |   0.0 |       0 |     283 |   0.0 | 12634
               +---------+---------+-------+---------+---------+-------+---------
           D:1 |       0 |      38 |   0.0 |       0 |      21 |   0.0 |  1427
           D:2 |       0 |      82 |   0.0 |       0 |      22 |   0.0 |  1385
           D:3 |       0 |     102 |   0.0 |       0 |      18 |   0.0 |   823
           D:4 |       0 |     527 |   0.0 |       0 |      33 |   0.0 |  1843
           D:5 |       0 |     234 |   0.0 |       0 |      10 |   0.0 |   716
           D:6 |       0 |     706 |   0.0 |       0 |      22 |   0.0 |  1092
           D:7 |       0 |    1301 |   0.0 |       0 |      28 |   0.0 |   983
           D:8 |       0 |    2844 |   0.0 |       0 |      55 |   0.0 |  1480
           D:9 |       0 |    2250 |   0.0 |       0 |      33 |   0.0 |  1304
          D:10 |       0 |    2465 |   0.0 |       0 |      22 |   0.0 |  1268
          D:11 |       0 |     750 |   0.0 |       0 |       3 |   0.0 |    60
       Ossuary |       0 |     152 |   0.0 |       0 |      16 |   0.0 |   253
               +---------+---------+-------+---------+---------+-------+---------
